Inferno vs Ice Dragons
Created - January 31, 2018 at 23:16
Goals
|
| Inferno |
0 |
2 |
1 |
3 |
| Ice Dragons |
2 |
1 |
2 |
5 |
|
Shots
|
| Inferno |
7 |
8 |
14 |
29 |
| Ice Dragons |
11 |
12 |
8 |
31 |
|
1st period
1. Ice Dragons , Curtis Glencross 25 (Troy Brouwer 24, Samuel Groulx 7) at 1:43
2. Ice Dragons , Sam Carrick 1 (Michael Chaput 4, Curtis Glencross 35) at 13:55
Penalties :
Matt Kassian (Anc) for Tripping (Minor) at 7:42, David Savard (Anc) for Hooking (Minor) at 18:40
2nd period
3. Inferno , Philip Varone 4 (Matthew Nieto 6, David Ullstrom 33) at 3:34
4. Inferno , Philip Varone 5 (David Savard 12) at 8:34 (PP)
5. Ice Dragons , Michael Chaput 9 (Tomas Kudelka 3, Justin Faulk 21) at 16:15
Penalties :
Logan MacMillan (Kin) for Slashing (Minor) at 8:15, Michael Latta (Kin) for Holding (Minor) at 8:56
3rd period
6. Ice Dragons , Petr Vrana 24 (Justin Faulk 22, Tyler Haskins 23) at 11:20
7. Inferno , Cal O'Reilly 19 (Esa Lindell 13, Christian Folin 15) at 16:06
8. Ice Dragons , Curtis Glencross 26 (Kevin Connauton 14, Justin Faulk 23) at 17:21
Penalties :
Curtis Glencross (Kin) for Roughing (Minor) at 4:34, Bryan Rust (Anc) for Goalie Interference (Minor) at 11:23, Michael Chaput (Kin) for Holding (Minor) at 17:38, Petr Vrana (Kin) for Hooking (Minor) at 19:52
Goalie Stats
Christopher Gibson (Anc), 26 saves from 31 shots - (0.839), L, 10-6-0, 60:00 minutes
Anders Nilsson (Kin), 26 saves from 29 shots - (0.897), W, 22-15-3, 60:00 minutes
Players Stats for Inferno
Player Name G A P +/- PIM S H SB GA TA FO MP PP MP PK MP
------------------------------------------------------------------------------------
Anders Lee 0 0 0 -2 0 1 1 2 0 0 8/20 15:53 3:31 0:26
Bryan Rust 0 0 0 -2 2 1 2 1 0 0 0/0 15:09 2:47 0:00
Cal O'Reilly 1 0 1 1 0 2 0 1 0 0 2/7 13:50 0:05 1:53
Christian Folin 0 1 1 0 0 1 1 0 1 0 0/0 16:13 2:24 0:00
Colby Robak 0 0 0 -1 0 1 2 1 0 2 0/0 26:52 3:59 4:00
David Savard 0 1 1 -1 2 0 3 3 0 0 0/0 27:27 3:59 2:27
David Ullstrom 0 1 1 -3 0 2 2 1 0 0 2/3 23:08 3:31 1:58
Esa Lindell 0 1 1 1 0 3 1 0 0 0 1/1 12:04 0:00 0:26
Greg Pateryn 0 0 0 0 0 1 1 1 0 1 0/0 21:03 2:24 2:50
Luca Sbisa 0 0 0 -2 0 1 0 1 0 0 0/0 12:28 0:00 0:00
Mathieu Brodeur 0 0 0 -2 0 0 1 0 1 1 0/0 14:49 0:00 2:11
Matt Kassian 0 0 0 -2 2 5 0 0 0 0 0/0 12:14 0:00 0:00
Matthew Nieto 0 1 1 1 0 1 0 0 0 1 0/0 8:03 0:05 0:31
Philip Varone 2 0 2 1 0 3 0 0 0 0 0/2 9:28 2:47 0:00
Tanner Pearson 0 0 0 1 0 1 3 1 0 0 0/0 13:52 2:47 0:00
Tyler Shattock 0 0 0 1 0 1 1 1 0 0 0/0 7:23 0:05 0:00
Vladimir Sobotka 0 0 0 -3 0 4 3 1 1 0 15/30 20:21 0:00 3:33
Vladimir Zharkov 0 0 0 -3 0 1 1 0 2 1 0/3 23:43 3:31 3:33
Players Stats for Ice Dragons
Player Name G A P +/- PIM S H SB GA TA FO MP PP MP PK MP
------------------------------------------------------------------------------------
Andrej Nestrasil 0 0 0 -1 0 3 1 0 0 0 4/6 12:17 0:00 0:00
Brandon Kozun 0 0 0 -1 0 1 1 0 0 0 0/1 12:29 0:00 0:00
Brendon Nash 0 0 0 -2 0 2 1 2 1 1 0/0 29:22 3:22 4:22
Curtis Glencross 2 1 3 2 2 6 0 0 0 0 2/5 24:59 3:39 2:19
Joe Callahan 0 0 0 -1 0 0 4 2 0 2 0/0 26:37 3:22 4:22
Justin Faulk 0 3 3 2 0 0 2 0 1 0 0/0 20:25 2:35 2:01
Kevin Connauton 0 1 1 2 0 0 2 6 0 0 0/0 20:25 2:35 2:01
Logan MacMillan 0 0 0 -1 2 2 1 0 0 0 0/1 12:16 0:00 0:00
Michael Chaput 1 1 2 3 2 2 0 0 0 1 1/4 6:57 0:00 1:09
Michael Ferland 0 0 0 3 0 0 0 0 0 0 0/0 7:41 0:00 1:36
Michael Latta 0 0 0 1 2 1 1 1 1 0 19/31 20:58 3:39 2:28
Petr Vrana 1 0 1 0 2 1 2 0 0 0 1/2 17:03 2:18 0:00
Ryan Reaves 0 0 0 0 0 2 0 0 0 0 1/1 16:54 2:18 0:00
Sam Carrick 1 0 1 2 0 1 0 0 0 0 0/0 2:08 0:00 0:27
Samuel Groulx 0 1 1 2 0 1 0 0 0 0 0/0 12:58 0:00 0:00
Tomas Kudelka 0 1 1 3 0 0 0 0 0 0 0/0 10:13 0:00 0:00
Troy Brouwer 0 1 1 1 0 7 4 0 1 1 1/2 22:04 3:39 3:55
Tyler Haskins 0 1 1 0 0 2 0 0 2 0 9/13 17:46 2:18 0:52
3 Stars
1 - Curtis Glencross (Kin)
2 - Justin Faulk (Kin)
3 - Michael Chaput (Kin)
Power Play
Inferno - 1 on 5 Attempt(s) - 20.00%
Ice Dragons - 0 on 3 Attempt(s) - 0.00%
Penalty Kill
Inferno - 3 on 3 Attempt(s) - 100.00%
- Score 0 goal in Penalty Kill
Ice Dragons - 4 on 5 Attempt(s) - 80.00%
- Score 0 goal in Penalty Kill
Team Stat
Inferno - Hits : 22 - Faceoff Wins : 28 - Blocked Shots : 14 - Penalty Minutes : 6
Ice Dragons - Hits : 19 - Faceoff Wins : 38 - Blocked Shots : 11 - Penalty Minutes : 10
Official
Referees : Auger Stephane and Leggo Mike
Linesman : Pierre Racicot and Tim Nowak
Game Notes
No Game Note
Finance
Level 1 -- Attendance: 1492 (74.60%) -- Ticket Income $59,680
Level 2 -- Attendance: 783 (78.30%) -- Ticket Income $15,660
Total Attendance: 2275 (75.83%)
Total Ticket Income: $75,340
Other Income: $3,767
Total Income: $79,107
Inferno
5 vs 5 Forward
Center Left Wing Right Wing Time % Phy DF OF
1 Vladimir Sobotka David Ullstrom Vladimir Zharkov 40 1 2 2
2 Anders Lee Matt Kassian Bryan Rust 30 1 2 2
3 Cal O'Reilly Tanner Pearson Esa Lindell 20 1 2 2
4 Philip Varone Matthew Nieto Tyler Shattock 10 1 2 2
5 vs 5 Defense
Defense Defense Time % Phy DF OF
1 Colby Robak David Savard 40 1 2 2
2 Greg Pateryn Christian Folin 30 1 2 2
3 Luca Sbisa Mathieu Brodeur 20 1 2 2
4 Greg Pateryn David Savard 10 1 2 2
PowerPlay Forward
Center Left Wing Right Wing Time % Phy DF OF
1 Anders Lee David Ullstrom Vladimir Zharkov 60 1 2 2
2 Philip Varone Tanner Pearson Bryan Rust 40 1 2 2
PowerPlay Defense
Defense Defense Time % Phy DF OF
1 Colby Robak David Savard 60 1 2 2
2 Greg Pateryn Christian Folin 40 1 2 2
Penalty Kill 4 Players Forward
Center Wing Time % Phy DF OF
1 Vladimir Sobotka Vladimir Zharkov 60 1 2 2
2 Cal O'Reilly David Ullstrom 40 1 2 2
Penalty Kill 4 Players Defense
Defense Defense Time % Phy DF OF
1 Colby Robak David Savard 60 1 2 2
2 Greg Pateryn Mathieu Brodeur 40 1 2 2
Penalty Kill - 3 Players Forward
Forward Time % Phy DF OF
1 Vladimir Sobotka 60 1 2 2
2 David Ullstrom 40 1 2 2
Penalty Kill - 3 Players Defense
Defense Defense Time % Phy DF OF
1 Colby Robak David Savard 60 1 2 2
2 Greg Pateryn Mathieu Brodeur 40 1 2 2
4 vs 4 Forward
Center Wing Time % Phy DF OF
1 Vladimir Sobotka Vladimir Zharkov 60 1 2 2
2 Cal O'Reilly David Ullstrom 40 1 2 2
4 vs 4 Defense
Defense Defense Time % Phy DF OF
1 Colby Robak David Savard 60 1 2 2
2 Greg Pateryn Christian Folin 40 1 2 2
Last Minutes Offensive
Center Left Wing Right Wing Defense Defense
Vladimir Sobotka David Ullstrom Vladimir Zharkov Colby Robak David Savard
Last Minutes Defensive
Center Left Wing Right Wing Defense Defense
Vladimir Sobotka David Ullstrom Vladimir Zharkov Colby Robak David Savard
Goaltenders
Starting : Christopher Gibson
Backup : Michael Hutchinson
Extra Forwards
Normal : Tanner Pearson, Anders Lee, Bryan Rust - PP : Bryan Rust, Cal O'Reilly - PK : David Ullstrom
Extra Defensemen
Normal : Greg Pateryn, Esa Lindell, Christian Folin - PP : Christian Folin - PK : Greg Pateryn, Mathieu Brodeur
Penalty Shots
Matt Kassian, Vladimir Zharkov, Tanner Pearson, Vladimir Sobotka, Anders Lee
Scratches
Chris Brown (Healthy), Victor Rask (Healthy), Frank Corrado (Healthy), Ryan Spooner (Healthy), Kyle Palmieri (Broken Left Index Finger Injury)
Joakim Nordstrom (Healthy), Trevor Carrick (Healthy), Petteri Lindbohm (Healthy), Daniil Tarasov (Healthy), Branden Troock (Healthy)
Simon Danis-Pepin (Healthy), Nathan Lieuwen (Healthy)
Ice Dragons
5 vs 5 Forward
Center Left Wing Right Wing Time % Phy DF OF
1 Michael Latta Curtis Glencross Troy Brouwer 40 2 1 2
2 Tyler Haskins Petr Vrana Ryan Reaves 30 2 1 2
3 Andrej Nestrasil Logan MacMillan Brandon Kozun 20 2 1 2
4 Michael Chaput Michael Ferland Curtis Glencross 10 2 1 2
5 vs 5 Defense
Defense Defense Time % Phy DF OF
1 Brendon Nash Joe Callahan 40 2 1 2
2 Justin Faulk Kevin Connauton 30 2 1 2
3 Samuel Groulx Tomas Kudelka 20 2 1 2
4 Samuel Groulx Brendon Nash 10 2 1 2
PowerPlay Forward
Center Left Wing Right Wing Time % Phy DF OF
1 Michael Latta Curtis Glencross Troy Brouwer 60 2 0 3
2 Tyler Haskins Petr Vrana Ryan Reaves 40 2 0 3
PowerPlay Defense
Defense Defense Time % Phy DF OF
1 Brendon Nash Joe Callahan 60 2 1 2
2 Justin Faulk Kevin Connauton 40 2 1 2
Penalty Kill 4 Players Forward
Center Wing Time % Phy DF OF
1 Curtis Glencross Troy Brouwer 60 2 3 0
2 Michael Latta Tyler Haskins 40 2 3 0
Penalty Kill 4 Players Defense
Defense Defense Time % Phy DF OF
1 Brendon Nash Joe Callahan 60 2 3 0
2 Justin Faulk Kevin Connauton 40 2 3 0
Penalty Kill - 3 Players Forward
Forward Time % Phy DF OF
1 Curtis Glencross 60 1 4 0
2 Troy Brouwer 40 1 4 0
Penalty Kill - 3 Players Defense
Defense Defense Time % Phy DF OF
1 Brendon Nash Joe Callahan 60 1 4 0
2 Justin Faulk Kevin Connauton 40 1 4 0
4 vs 4 Forward
Center Wing Time % Phy DF OF
1 Curtis Glencross Troy Brouwer 60 2 0 2
2 Michael Latta Tyler Haskins 40 2 1 2
4 vs 4 Defense
Defense Defense Time % Phy DF OF
1 Brendon Nash Joe Callahan 60 2 1 2
2 Justin Faulk Kevin Connauton 40 2 1 2
Last Minutes Offensive
Center Left Wing Right Wing Defense Defense
Michael Latta Curtis Glencross Troy Brouwer Brendon Nash Joe Callahan
Last Minutes Defensive
Center Left Wing Right Wing Defense Defense
Michael Latta Curtis Glencross Troy Brouwer Brendon Nash Joe Callahan
Goaltenders
Starting : Anders Nilsson
Backup : Harru Sateri
Extra Forwards
Normal : Sam Carrick, Curtis Glencross, Troy Brouwer - PP : Sam Carrick, Curtis Glencross - PK : Curtis Glencross
Extra Defensemen
Normal : Justin Faulk, Tomas Kudelka, Samuel Groulx - PP : Tomas Kudelka - PK : Tomas Kudelka, Samuel Groulx
Penalty Shots
Curtis Glencross, Troy Brouwer, Michael Latta, Tyler Haskins, Petr Vrana
Scratches
Theodor Blueger (Healthy), Justin Shugg (Healthy), Chris Wagner (Healthy), Christian Djoos (Healthy), Michael Stone (Torn Left Knee Ligaments Injury)
Oscar Dansk (Healthy)
% Time on Ice - Inferno
Lines # - Real PCT - Wanted PCT - Time Play
Normal Forward
1 - 36% - 40% - 17:17
2 - 26% - 30% - 12:34
3 - 24% - 20% - 11:13
4 - 14% - 10% - 6:36
Normal Defense
1 - 40% - 40% - 18:53
2 - 30% - 30% - 14:29
3 - 26% - 20% - 12:28
4 - 4% - 10% - 1:50
PP Forward
1 - 56% - 60% - 3:36
2 - 44% - 40% - 2:47
PP Defense
1 - 62% - 60% - 3:59
2 - 38% - 40% - 2:24
PK Forward
1 - 68% - 60% - 4:04
2 - 32% - 40% - 1:53
PK Defense
1 - 75% - 60% - 4:26
2 - 25% - 40% - 1:31
PK3 Forward
1 - 0% - 60%
2 - 0% - 40%
PK3 Defense
1 - 0% - 60%
2 - 0% - 40%
44 Forward
1 - 0% - 60%
2 - 0% - 40%
44 Defense
1 - 0% - 60%
2 - 0% - 40%
Last Minute Offensive - 0:00
Last Minute Defensive - 0:00
Total
Forward - 60:00
Defense - 60:00
|
% Time on Ice - Ice Dragons
Lines # - Real PCT - Wanted PCT - Time Play
Normal Forward
1 - 33% - 40% - 15:30
2 - 31% - 30% - 14:36
3 - 26% - 20% - 12:17
4 - 11% - 10% - 5:17
Normal Defense
1 - 40% - 40% - 18:53
2 - 33% - 30% - 15:49
3 - 21% - 20% - 10:13
4 - 6% - 10% - 2:45
PP Forward
1 - 61% - 60% - 3:39
2 - 39% - 40% - 2:18
PP Defense
1 - 57% - 60% - 3:22
2 - 43% - 40% - 2:35
PK Forward
1 - 86% - 60% - 5:31
2 - 14% - 40% - 0:52
PK Defense
1 - 68% - 60% - 4:22
2 - 32% - 40% - 2:01
PK3 Forward
1 - 0% - 60%
2 - 0% - 40%
PK3 Defense
1 - 0% - 60%
2 - 0% - 40%
44 Forward
1 - 0% - 60%
2 - 0% - 40%
44 Defense
1 - 0% - 60%
2 - 0% - 40%
Last Minute Offensive - 0:00
Last Minute Defensive - 0:00
Total
Forward - 60:00
Defense - 60:00
|
Play by Play
1st period
0:01 of 1st period - Michael Latta wins face-off versus Vladimir Zharkov in neutral zone.
0:34 of 1st period - Snap shot by David Ullstrom.
0:34 of 1st period - Stopped by Anders Nilsson without a rebound.
0:35 of 1st period - Anders Lee wins face-off versus Andrej Nestrasil in Ice Dragons zone.
0:46 of 1st period - Snap shot by Matt Kassian.
0:46 of 1st period - Shot Misses the Net.
1:02 of 1st period - Greg Pateryn is hit by Kevin Connauton and loses puck.
1:41 of 1st period - Wrist shot by Troy Brouwer.
1:41 of 1st period - Stopped by Christopher Gibson with a rebound.
1:43 of 1st period - Snap shot by Curtis Glencross.
1:43 of 1st period - Goal by Curtis Glencross - Inferno : 0 - Ice Dragons : 1.
1:44 of 1st period - Tyler Haskins wins face-off versus Anders Lee in neutral zone.
2:33 of 1st period - Greg Pateryn is hit by Justin Faulk and loses puck.
2:38 of 1st period - Snap shot by Andrej Nestrasil.
2:38 of 1st period - Stopped by Christopher Gibson without a rebound.
2:39 of 1st period - Anders Lee wins face-off versus Michael Latta in Inferno zone.
2:46 of 1st period - Wrist shot by Anders Lee.
2:46 of 1st period - Shot Blocked by Joe Callahan.
3:04 of 1st period - Snap shot by Tyler Haskins.
3:04 of 1st period - Stopped by Christopher Gibson without a rebound.
3:05 of 1st period - Tyler Haskins wins face-off versus Vladimir Sobotka in Inferno zone.
3:08 of 1st period - Slapshot by Tyler Haskins.
3:08 of 1st period - Shot Blocked by David Ullstrom.
4:21 of 1st period - Wrist shot by Curtis Glencross.
4:21 of 1st period - Shot Blocked by Bryan Rust.
4:39 of 1st period - David Ullstrom is hit by Joe Callahan and loses puck.
4:46 of 1st period - Slapshot by Andrej Nestrasil.
4:46 of 1st period - Stopped by Christopher Gibson with a rebound.
5:04 of 1st period - Snap shot by Tanner Pearson.
5:04 of 1st period - Stopped by Anders Nilsson with a rebound.
5:06 of 1st period - Snap shot by Colby Robak.
5:06 of 1st period - Shot Misses the Net.
5:08 of 1st period - Snap shot by Esa Lindell.
5:08 of 1st period - Shot Misses the Net.
5:15 of 1st period - Icing by Curtis Glencross.
5:16 of 1st period - Michael Chaput wins face-off versus Philip Varone in Ice Dragons zone.
5:25 of 1st period - Wrist shot by Andrej Nestrasil.
5:25 of 1st period - Stopped by Christopher Gibson without a rebound.
5:26 of 1st period - Vladimir Sobotka wins face-off versus Logan MacMillan in Inferno zone.
5:37 of 1st period - Snap shot by Vladimir Zharkov.
5:37 of 1st period - Shot Misses the Net.
5:53 of 1st period - Bryan Rust is hit by Michael Latta and loses puck.
6:00 of 1st period - Snap shot by Curtis Glencross.
6:00 of 1st period - Stopped by Christopher Gibson without a rebound.
6:01 of 1st period - Vladimir Sobotka wins face-off versus Tyler Haskins in Inferno zone.
6:10 of 1st period - Snap shot by Vladimir Zharkov.
6:10 of 1st period - Shot Misses the Net.
6:12 of 1st period - Backhand shot by Vladimir Sobotka.
6:12 of 1st period - Stopped by Anders Nilsson with a rebound.
6:27 of 1st period - Off-side.
6:28 of 1st period - Michael Latta wins face-off versus Anders Lee in neutral zone.
6:31 of 1st period - Bryan Rust is hit by Troy Brouwer and loses puck.
6:38 of 1st period - Snap shot by Matt Kassian.
6:38 of 1st period - Stopped by Anders Nilsson with a rebound.
6:42 of 1st period - Wrist shot by Anders Lee.
6:42 of 1st period - Stopped by Anders Nilsson without a rebound.
6:43 of 1st period - Michael Latta wins face-off versus Vladimir Sobotka in Ice Dragons zone.
7:15 of 1st period - Snap shot by Tanner Pearson.
7:15 of 1st period - Shot Misses the Net.
7:22 of 1st period - Off-side.
7:23 of 1st period - Andrej Nestrasil wins face-off versus Anders Lee in neutral zone.
7:23 of 1st period - Andrej Nestrasil is hit by David Savard.
7:26 of 1st period - Joe Callahan is hit by David Savard and loses puck.
7:42 of 1st period - Minor Penalty to Matt Kassian for Tripping.
7:43 of 1st period - Vladimir Sobotka wins face-off versus Curtis Glencross in Inferno zone.
8:45 of 1st period - Troy Brouwer is hit by Mathieu Brodeur.
9:42 of 1st period - Penalty to Matt Kassian is over, Matt Kassian is back on ice.
9:54 of 1st period - Wrist shot by Matt Kassian.
9:54 of 1st period - Stopped by Anders Nilsson with a rebound.
10:54 of 1st period - Luca Sbisa is hit by Joe Callahan and loses puck.
11:59 of 1st period - Troy Brouwer is hit by Tyler Shattock and loses puck.
12:10 of 1st period - Joe Callahan is hit by Bryan Rust and loses puck.
12:39 of 1st period - Michael Latta is hit by Vladimir Sobotka and loses puck.
13:53 of 1st period - Snap shot by Michael Chaput.
13:53 of 1st period - Stopped by Christopher Gibson with a rebound.
13:55 of 1st period - Snap shot by Sam Carrick.
13:55 of 1st period - Goal by Sam Carrick - Inferno : 0 - Ice Dragons : 2.
13:56 of 1st period - Tyler Haskins wins face-off versus Vladimir Sobotka in neutral zone.
14:22 of 1st period - Brendon Nash is hit by Bryan Rust and loses puck.
14:42 of 1st period - Colby Robak is hit by Logan MacMillan and loses puck.
15:12 of 1st period - Icing by Petr Vrana.
15:13 of 1st period - Tyler Haskins wins face-off versus Vladimir Sobotka in Ice Dragons zone.
15:55 of 1st period - Icing by Curtis Glencross.
15:56 of 1st period - Andrej Nestrasil wins face-off versus Cal O'Reilly in Ice Dragons zone.
15:56 of 1st period - Andrej Nestrasil is hit by Esa Lindell.
16:15 of 1st period - Cal O'Reilly is hit by Andrej Nestrasil and loses puck.
16:34 of 1st period - Backhand shot by Andrej Nestrasil.
16:34 of 1st period - Shot Blocked by Tanner Pearson.
16:50 of 1st period - Wrist shot by Esa Lindell.
16:50 of 1st period - Stopped by Anders Nilsson with a rebound.
16:52 of 1st period - Snap shot by Cal O'Reilly.
16:52 of 1st period - Shot Misses the Net.
17:15 of 1st period - Icing by Brendon Nash.
17:16 of 1st period - Andrej Nestrasil wins face-off versus Vladimir Sobotka in Ice Dragons zone.
17:16 of 1st period - Andrej Nestrasil is hit by Vladimir Zharkov.
17:22 of 1st period - Slapshot by Brandon Kozun.
17:22 of 1st period - Deflect By Logan MacMillan.
17:22 of 1st period - Stopped by Christopher Gibson with a rebound.
18:40 of 1st period - Minor Penalty to David Savard for Hooking.
18:41 of 1st period - Vladimir Sobotka wins face-off versus Troy Brouwer in Inferno zone.
18:56 of 1st period - Snap shot by Vladimir Zharkov.
18:56 of 1st period - Shot Blocked by Kevin Connauton.
19:16 of 1st period - Wrist shot by Vladimir Zharkov.
19:16 of 1st period - Shot Misses the Net.
19:56 of 1st period - Slapshot by Troy Brouwer.
19:56 of 1st period - Stopped by Christopher Gibson with a rebound.
19:58 of 1st period - Slapshot by Michael Latta.
19:58 of 1st period - Shot Misses the Net.
Goals for this period are 0 for Inferno vs 2 for Ice Dragons.
Shots for this period are 7 for Inferno vs 11 for Ice Dragons.
2nd period
0:01 of 2nd period - Michael Latta wins face-off versus Vladimir Sobotka in neutral zone.
0:04 of 2nd period - Snap shot by Michael Latta.
0:04 of 2nd period - Shot Blocked by Vladimir Sobotka.
0:06 of 2nd period - Slapshot by Curtis Glencross.
0:06 of 2nd period - Shot Misses the Net.
0:08 of 2nd period - Snap shot by Curtis Glencross.
0:08 of 2nd period - Shot Misses the Net.
0:10 of 2nd period - Snap shot by Curtis Glencross.
0:10 of 2nd period - Shot Misses the Net.
0:12 of 2nd period - Slapshot by Curtis Glencross.
0:12 of 2nd period - Shot Misses the Net.
0:40 of 2nd period - Penalty to David Savard is over, David Savard is back on ice.
0:47 of 2nd period - Wrist shot by Brandon Kozun.
0:47 of 2nd period - Stopped by Christopher Gibson without a rebound.
0:48 of 2nd period - Anders Lee wins face-off versus Andrej Nestrasil in Inferno zone.
0:52 of 2nd period - Icing by David Savard.
0:53 of 2nd period - Michael Latta wins face-off versus Anders Lee in Inferno zone.
1:42 of 2nd period - Slapshot by Brendon Nash.
1:42 of 2nd period - Deflect By Michael Chaput.
1:42 of 2nd period - Shot Blocked by Cal O'Reilly.
1:42 of 2nd period - Puck is out of play.
1:43 of 2nd period - Esa Lindell wins face-off versus Michael Chaput in Inferno zone.
2:08 of 2nd period - Wrist shot by Tyler Haskins.
2:08 of 2nd period - Shot Misses the Net.
2:24 of 2nd period - Icing by Vladimir Sobotka.
2:25 of 2nd period - Vladimir Sobotka wins face-off versus Michael Latta in Inferno zone.
2:36 of 2nd period - Snap shot by David Ullstrom.
2:36 of 2nd period - Shot Blocked by Kevin Connauton.
2:38 of 2nd period - Snap shot by Mathieu Brodeur.
2:38 of 2nd period - Shot Misses the Net.
2:40 of 2nd period - Slapshot by Luca Sbisa.
2:40 of 2nd period - Shot Hit the Post.
2:42 of 2nd period - Snap shot by Vladimir Sobotka.
2:42 of 2nd period - Deflect By Troy Brouwer.
2:42 of 2nd period - Stopped by Anders Nilsson without a rebound.
2:43 of 2nd period - Anders Lee wins face-off versus Tyler Haskins in Ice Dragons zone.
3:16 of 2nd period - Snap shot by Tyler Haskins.
3:16 of 2nd period - Shot Misses the Net.
3:34 of 2nd period - Slapshot by Philip Varone.
3:34 of 2nd period - Goal by Philip Varone - Inferno : 1 - Ice Dragons : 2.
3:35 of 2nd period - Michael Latta wins face-off versus Vladimir Sobotka in neutral zone.
3:38 of 2nd period - Snap shot by Troy Brouwer.
3:38 of 2nd period - Stopped by Christopher Gibson without a rebound.
3:39 of 2nd period - Michael Latta wins face-off versus Vladimir Sobotka in Inferno zone.
3:46 of 2nd period - Slapshot by Michael Latta.
3:46 of 2nd period - Shot Blocked by Colby Robak.
3:48 of 2nd period - Snap shot by Troy Brouwer.
3:48 of 2nd period - Stopped by Christopher Gibson without a rebound.
3:49 of 2nd period - Michael Latta wins face-off versus Vladimir Zharkov in Inferno zone.
3:50 of 2nd period - Slapshot by Curtis Glencross.
3:50 of 2nd period - Stopped by Christopher Gibson without a rebound.
3:51 of 2nd period - Vladimir Sobotka wins face-off versus Michael Latta in Inferno zone.
3:56 of 2nd period - Slapshot by David Ullstrom.
3:56 of 2nd period - Shot Misses the Net.
3:58 of 2nd period - Wrist shot by David Ullstrom.
3:58 of 2nd period - Shot Misses the Net.
4:07 of 2nd period - Michael Latta is hit by Vladimir Sobotka.
4:19 of 2nd period - Slapshot by Kevin Connauton.
4:19 of 2nd period - Shot Blocked by David Savard.
4:21 of 2nd period - Slapshot by Tyler Haskins.
4:21 of 2nd period - Shot Misses the Net.
4:25 of 2nd period - Slapshot by Petr Vrana.
4:25 of 2nd period - Shot Blocked by Anders Lee.
4:27 of 2nd period - Wrist shot by Petr Vrana.
4:27 of 2nd period - Shot Blocked by Anders Lee.
4:39 of 2nd period - Andrej Nestrasil is hit by David Savard and loses puck.
4:50 of 2nd period - Wrist shot by Matthew Nieto.
4:50 of 2nd period - Shot Misses the Net.
5:24 of 2nd period - Samuel Groulx is hit by Tanner Pearson and loses puck.
5:59 of 2nd period - Mathieu Brodeur is hit by Brandon Kozun and loses puck.
7:28 of 2nd period - Snap shot by Matt Kassian.
7:28 of 2nd period - Shot Misses the Net.
7:30 of 2nd period - Backhand shot by Anders Lee.
7:30 of 2nd period - Shot Misses the Net.
7:32 of 2nd period - Wrist shot by Matt Kassian.
7:32 of 2nd period - Stopped by Anders Nilsson without a rebound.
7:33 of 2nd period - Anders Lee wins face-off versus Michael Latta in Ice Dragons zone.
8:15 of 2nd period - Minor Penalty to Logan MacMillan for Slashing.
8:16 of 2nd period - Curtis Glencross wins face-off versus Anders Lee in Ice Dragons zone.
8:32 of 2nd period - Snap shot by Philip Varone.
8:32 of 2nd period - Stopped by Anders Nilsson with a rebound.
8:34 of 2nd period - Wrist shot by Philip Varone.
8:34 of 2nd period - Goal by Philip Varone - Inferno : 2 - Ice Dragons : 2.
8:35 of 2nd period - Vladimir Sobotka wins face-off versus Michael Latta in neutral zone.
8:56 of 2nd period - Minor Penalty to Michael Latta for Holding.
8:57 of 2nd period - David Ullstrom wins face-off versus Curtis Glencross in Ice Dragons zone.
8:58 of 2nd period - Wrist shot by Vladimir Zharkov.
8:58 of 2nd period - Stopped by Anders Nilsson without a rebound.
8:59 of 2nd period - Anders Lee wins face-off versus Curtis Glencross in Ice Dragons zone.
10:56 of 2nd period - Penalty to Michael Latta is over, Michael Latta is back on ice.
12:49 of 2nd period - Tyler Shattock is hit by Justin Faulk and loses puck.
13:08 of 2nd period - Snap shot by Michael Chaput.
13:08 of 2nd period - Shot Misses the Net.
13:33 of 2nd period - Cal O'Reilly is hit by Joe Callahan and loses puck.
14:11 of 2nd period - Tyler Haskins is hit by Colby Robak and loses puck.
14:45 of 2nd period - Matt Kassian is hit by Troy Brouwer.
14:49 of 2nd period - Bryan Rust is hit by Troy Brouwer and loses puck.
14:58 of 2nd period - Troy Brouwer is hit by Vladimir Sobotka and loses puck.
15:13 of 2nd period - Snap shot by Troy Brouwer.
15:13 of 2nd period - Shot Misses the Net.
15:17 of 2nd period - Snap shot by Logan MacMillan.
15:17 of 2nd period - Shot Misses the Net.
15:19 of 2nd period - Snap shot by Logan MacMillan.
15:19 of 2nd period - Stopped by Christopher Gibson with a rebound.
15:21 of 2nd period - Slapshot by Brendon Nash.
15:21 of 2nd period - Stopped by Christopher Gibson with a rebound.
15:37 of 2nd period - Snap shot by Tyler Haskins.
15:37 of 2nd period - Shot Blocked by Tyler Shattock.
15:41 of 2nd period - Snap shot by Petr Vrana.
15:41 of 2nd period - Shot Blocked by David Savard.
16:13 of 2nd period - Slapshot by Tomas Kudelka.
16:13 of 2nd period - Shot Misses the Net.
16:15 of 2nd period - Wrist shot by Michael Chaput.
16:15 of 2nd period - Goal by Michael Chaput - Inferno : 2 - Ice Dragons : 3.
16:16 of 2nd period - Ryan Reaves wins face-off versus Vladimir Zharkov in neutral zone.
16:25 of 2nd period - Slapshot by Justin Faulk.
16:25 of 2nd period - Shot Blocked by Greg Pateryn.
16:27 of 2nd period - Slapshot by Tyler Haskins.
16:27 of 2nd period - Deflect By Ryan Reaves.
16:27 of 2nd period - Stopped by Christopher Gibson without a rebound.
16:28 of 2nd period - Vladimir Sobotka wins face-off versus Michael Latta in Inferno zone.
16:53 of 2nd period - Kevin Connauton is hit by Christian Folin and loses puck.
16:58 of 2nd period - Wrist shot by Anders Lee.
16:58 of 2nd period - Shot Blocked by Kevin Connauton.
17:02 of 2nd period - Slapshot by Matt Kassian.
17:02 of 2nd period - Stopped by Anders Nilsson without a rebound.
17:03 of 2nd period - Michael Latta wins face-off versus Anders Lee in Ice Dragons zone.
17:16 of 2nd period - Snap shot by Troy Brouwer.
17:16 of 2nd period - Stopped by Christopher Gibson with a rebound.
17:28 of 2nd period - Vladimir Zharkov is hit by Petr Vrana and loses puck.
18:43 of 2nd period - Wrist shot by Bryan Rust.
18:43 of 2nd period - Stopped by Anders Nilsson without a rebound.
18:44 of 2nd period - Cal O'Reilly wins face-off versus Michael Latta in Ice Dragons zone.
18:53 of 2nd period - Snap shot by Michael Latta.
18:53 of 2nd period - Stopped by Christopher Gibson without a rebound.
18:54 of 2nd period - Michael Latta wins face-off versus Cal O'Reilly in Inferno zone.
19:06 of 2nd period - Off-side.
19:07 of 2nd period - Michael Latta wins face-off versus Vladimir Sobotka in neutral zone.
19:12 of 2nd period - Snap shot by Troy Brouwer.
19:12 of 2nd period - Stopped by Christopher Gibson with a rebound.
19:14 of 2nd period - Wrist shot by Curtis Glencross.
19:14 of 2nd period - Stopped by Christopher Gibson without a rebound.
19:15 of 2nd period - David Ullstrom wins face-off versus Michael Latta in Inferno zone.
19:15 of 2nd period - David Ullstrom is hit by Joe Callahan.
19:23 of 2nd period - Slapshot by David Ullstrom.
19:23 of 2nd period - Shot Misses the Net.
19:40 of 2nd period - Brendon Nash is hit by Colby Robak and loses puck.
19:51 of 2nd period - Slapshot by Michael Latta.
19:51 of 2nd period - Shot Blocked by David Savard.
Goals for this period are 2 for Inferno vs 1 for Ice Dragons.
Shots for this period are 8 for Inferno vs 12 for Ice Dragons.
3rd period
0:01 of 3rd period - Vladimir Sobotka wins face-off versus Michael Latta in neutral zone.
0:06 of 3rd period - Snap shot by Vladimir Sobotka.
0:06 of 3rd period - Shot Misses the Net.
0:12 of 3rd period - Wrist shot by David Ullstrom.
0:12 of 3rd period - Shot Hit the Post.
0:14 of 3rd period - Slapshot by Vladimir Sobotka.
0:14 of 3rd period - Stopped by Anders Nilsson with a rebound.
0:26 of 3rd period - Colby Robak is hit by Petr Vrana and loses puck.
0:33 of 3rd period - Snap shot by Bryan Rust.
0:33 of 3rd period - Shot Misses the Net.
0:35 of 3rd period - Snap shot by Matt Kassian.
0:35 of 3rd period - Shot Blocked by Brendon Nash.
1:36 of 3rd period - Wrist shot by David Ullstrom.
1:36 of 3rd period - Shot Misses the Net.
1:38 of 3rd period - Snap shot by David Ullstrom.
1:38 of 3rd period - Shot Blocked by Kevin Connauton.
1:40 of 3rd period - Slapshot by Greg Pateryn.
1:40 of 3rd period - Stopped by Anders Nilsson without a rebound.
1:41 of 3rd period - Vladimir Sobotka wins face-off versus Michael Latta in Ice Dragons zone.
2:30 of 3rd period - Snap shot by Cal O'Reilly.
2:30 of 3rd period - Shot Misses the Net.
4:30 of 3rd period - Wrist shot by Matt Kassian.
4:30 of 3rd period - Stopped by Anders Nilsson without a rebound.
4:31 of 3rd period - Michael Latta wins face-off versus Anders Lee in Ice Dragons zone.
4:31 of 3rd period - Michael Latta is hit by Anders Lee.
4:34 of 3rd period - Minor Penalty to Curtis Glencross for Roughing.
4:35 of 3rd period - Michael Latta wins face-off versus Anders Lee in Ice Dragons zone.
4:53 of 3rd period - Greg Pateryn is hit by Brendon Nash.
5:09 of 3rd period - Slapshot by Tanner Pearson.
5:09 of 3rd period - Shot Blocked by Joe Callahan.
5:11 of 3rd period - Snap shot by Bryan Rust.
5:11 of 3rd period - Deflect By Tanner Pearson.
5:11 of 3rd period - Shot Hit the Post.
5:11 of 3rd period - Puck is out of play.
5:12 of 3rd period - Michael Latta wins face-off versus Philip Varone in Ice Dragons zone.
5:12 of 3rd period - Michael Latta is hit by Tanner Pearson.
5:25 of 3rd period - Off-side.
5:26 of 3rd period - Anders Lee wins face-off versus Michael Chaput in neutral zone.
5:35 of 3rd period - Snap shot by Vladimir Zharkov.
5:35 of 3rd period - Deflect By Brendon Nash.
5:35 of 3rd period - Shot Misses the Net.
5:35 of 3rd period - Puck is out of play.
5:36 of 3rd period - Michael Latta wins face-off versus Anders Lee in Ice Dragons zone.
5:36 of 3rd period - Michael Latta is hit by David Ullstrom.
5:48 of 3rd period - Backhand shot by David Ullstrom.
5:48 of 3rd period - Deflect By Anders Lee.
5:48 of 3rd period - Shot Blocked by Brendon Nash.
5:48 of 3rd period - Puck is out of play.
5:49 of 3rd period - Michael Latta wins face-off versus David Ullstrom in Ice Dragons zone.
6:34 of 3rd period - Penalty to Curtis Glencross is over, Curtis Glencross is back on ice.
7:42 of 3rd period - Wrist shot by Ryan Reaves.
7:42 of 3rd period - Stopped by Christopher Gibson without a rebound.
7:43 of 3rd period - Vladimir Sobotka wins face-off versus Tyler Haskins in Inferno zone.
8:10 of 3rd period - Snap shot by Cal O'Reilly.
8:10 of 3rd period - Stopped by Anders Nilsson without a rebound.
8:11 of 3rd period - Michael Latta wins face-off versus Cal O'Reilly in Ice Dragons zone.
8:34 of 3rd period - Snap shot by Esa Lindell.
8:34 of 3rd period - Stopped by Anders Nilsson without a rebound.
8:35 of 3rd period - Tyler Haskins wins face-off versus Vladimir Sobotka in Ice Dragons zone.
9:22 of 3rd period - Slapshot by Cal O'Reilly.
9:22 of 3rd period - Shot Blocked by Kevin Connauton.
9:24 of 3rd period - Slapshot by Colby Robak.
9:24 of 3rd period - Stopped by Anders Nilsson with a rebound.
9:30 of 3rd period - Wrist shot by Esa Lindell.
9:30 of 3rd period - Stopped by Anders Nilsson with a rebound.
9:32 of 3rd period - Slapshot by Cal O'Reilly.
9:32 of 3rd period - Shot Blocked by Michael Latta.
9:48 of 3rd period - Snap shot by Vladimir Sobotka.
9:48 of 3rd period - Stopped by Anders Nilsson without a rebound.
9:49 of 3rd period - Vladimir Sobotka wins face-off versus Petr Vrana in Ice Dragons zone.
9:54 of 3rd period - Wrist shot by David Ullstrom.
9:54 of 3rd period - Stopped by Anders Nilsson with a rebound.
10:01 of 3rd period - Off-side.
10:02 of 3rd period - Tyler Haskins wins face-off versus Vladimir Sobotka in neutral zone.
10:07 of 3rd period - Snap shot by Brendon Nash.
10:07 of 3rd period - Stopped by Christopher Gibson without a rebound.
10:08 of 3rd period - Tyler Haskins wins face-off versus Vladimir Sobotka in Inferno zone.
11:01 of 3rd period - Slapshot by Curtis Glencross.
11:01 of 3rd period - Shot Misses the Net.
11:03 of 3rd period - Slapshot by Troy Brouwer.
11:03 of 3rd period - Stopped by Christopher Gibson with a rebound.
11:05 of 3rd period - Snap shot by Curtis Glencross.
11:05 of 3rd period - Stopped by Christopher Gibson without a rebound.
11:06 of 3rd period - Petr Vrana wins face-off versus Anders Lee in Inferno zone.
11:06 of 3rd period - Petr Vrana is hit by Greg Pateryn.
11:08 of 3rd period - Slapshot by Justin Faulk.
11:08 of 3rd period - Shot Misses the Net.
11:20 of 3rd period - Snap shot by Petr Vrana.
11:20 of 3rd period - Goal by Petr Vrana - Inferno : 2 - Ice Dragons : 4.
11:21 of 3rd period - Anders Lee wins face-off versus Michael Latta in neutral zone.
11:23 of 3rd period - Minor Penalty to Bryan Rust for Goalie Interference.
11:24 of 3rd period - Vladimir Sobotka wins face-off versus Michael Latta in Inferno zone.
12:00 of 3rd period - Slapshot by Brendon Nash.
12:00 of 3rd period - Shot Misses the Net.
12:02 of 3rd period - Snap shot by Tyler Haskins.
12:02 of 3rd period - Deflect By Cal O'Reilly.
12:02 of 3rd period - Stopped by Christopher Gibson without a rebound.
12:03 of 3rd period - Tyler Haskins wins face-off versus Cal O'Reilly in Inferno zone.
12:30 of 3rd period - Mathieu Brodeur is hit by Kevin Connauton and loses puck.
12:52 of 3rd period - Icing by Curtis Glencross.
12:53 of 3rd period - Michael Latta wins face-off versus Vladimir Sobotka in Ice Dragons zone.
13:09 of 3rd period - Icing by Ryan Reaves.
13:10 of 3rd period - Cal O'Reilly wins face-off versus Tyler Haskins in Ice Dragons zone.
13:23 of 3rd period - Penalty to Bryan Rust is over, Bryan Rust is back on ice.
13:59 of 3rd period - Wrist shot by Matthew Nieto.
13:59 of 3rd period - Stopped by Anders Nilsson with a rebound.
14:01 of 3rd period - Slapshot by Matthew Nieto.
14:01 of 3rd period - Shot Misses the Net.
14:03 of 3rd period - Wrist shot by Tyler Shattock.
14:03 of 3rd period - Stopped by Anders Nilsson with a rebound.
14:05 of 3rd period - Wrist shot by Tyler Shattock.
14:05 of 3rd period - Shot Blocked by Kevin Connauton.
15:21 of 3rd period - Icing by David Ullstrom.
15:22 of 3rd period - Tyler Haskins wins face-off versus Vladimir Sobotka in Inferno zone.
15:23 of 3rd period - Slapshot by Petr Vrana.
15:23 of 3rd period - Shot Blocked by Luca Sbisa.
15:40 of 3rd period - Slapshot by Samuel Groulx.
15:40 of 3rd period - Stopped by Christopher Gibson with a rebound.
15:56 of 3rd period - Slapshot by Christian Folin.
15:56 of 3rd period - Stopped by Anders Nilsson with a rebound.
15:58 of 3rd period - Slapshot by Esa Lindell.
15:58 of 3rd period - Shot Misses the Net.
16:00 of 3rd period - Slapshot by Cal O'Reilly.
16:00 of 3rd period - Shot Misses the Net.
16:02 of 3rd period - Snap shot by Cal O'Reilly.
16:02 of 3rd period - Shot Misses the Net.
16:04 of 3rd period - Wrist shot by Esa Lindell.
16:04 of 3rd period - Shot Misses the Net.
16:06 of 3rd period - Wrist shot by Cal O'Reilly.
16:06 of 3rd period - Goal by Cal O'Reilly - Inferno : 3 - Ice Dragons : 4.
16:07 of 3rd period - Michael Latta wins face-off versus Vladimir Sobotka in neutral zone.
16:45 of 3rd period - Off-side.
16:46 of 3rd period - Andrej Nestrasil wins face-off versus Cal O'Reilly in neutral zone.
17:04 of 3rd period - Justin Faulk is hit by Tanner Pearson and loses puck.
17:21 of 3rd period - Wrist shot by Curtis Glencross.
17:21 of 3rd period - Goal by Curtis Glencross - Inferno : 3 - Ice Dragons : 5.
17:22 of 3rd period - Vladimir Sobotka wins face-off versus Michael Chaput in neutral zone.
17:38 of 3rd period - Minor Penalty to Michael Chaput for Holding.
17:39 of 3rd period - Curtis Glencross wins face-off versus Anders Lee in Ice Dragons zone.
17:39 of 3rd period - Curtis Glencross is hit by David Ullstrom.
17:54 of 3rd period - Snap shot by Vladimir Zharkov.
17:54 of 3rd period - Shot Misses the Net.
18:04 of 3rd period - Colby Robak is hit by Troy Brouwer and loses puck.
19:38 of 3rd period - Penalty to Michael Chaput is over, Michael Chaput is back on ice.
19:47 of 3rd period - Wrist shot by Luca Sbisa.
19:47 of 3rd period - Stopped by Anders Nilsson without a rebound.
19:48 of 3rd period - Vladimir Sobotka wins face-off versus Brandon Kozun in Ice Dragons zone.
19:52 of 3rd period - Minor Penalty to Petr Vrana for Hooking.
19:53 of 3rd period - Troy Brouwer wins face-off versus Anders Lee in Ice Dragons zone.
Goals for this period are 1 for Inferno vs 2 for Ice Dragons.
Shots for this period are 14 for Inferno vs 8 for Ice Dragons.
Back to the Top